 Dungeon Crawl Stone Soup version 0.21-a0-265-gb353147 (console) character file.

158 removed the Conjurer (level 4, -5/33 HPs)
             Began as a Demigod Venom Mage on Sept 10, 2017.
             Slain by Syneil's ghost (8 damage)
             ... on level 4 of the Dungeon.
             The game lasted 00:06:09 (3367 turns).

removed the Conjurer (Demigod Venom Mage)           Turns: 3367, Time: 00:06:09

Health: -5/33      AC:  4    Str: 14    XL:     4   Next: 94%
Magic:  9/9        EV: 12    Int: 21    God:
Gold:   100        SH:  0    Dex: 16    Spells: 2/6 levels left

rFire    . . .     SeeInvis .   g - +0 short sword
rCold    . . .     Gourm    .   (no shield)
rNeg     . . .     Faith    .   a - +0 robe
rPois    .         Spirit   .   w - +0 hat
rElec    .         Reflect  .   (no cloak)
rCorr    .         Harm     .   H - +0 pair of gloves
MR       .....                  (no boots)
Stlth    ++........             (no amulet)
HPRegen  0.11/turn              C - +3 ring of strength
MPRegen  0.11/turn              F - +1 ring of protection

@: no status effects
A: high mp 1
a: no special abilities


You were on level 4 of the Dungeon.
You were not hungry.

You visited 1 branch of the dungeon, and saw 4 of its levels.

You collected 100 gold pieces.

Inventory:

Hand Weapons
 d - a +0 dagger
 g - a +0 short sword (weapon)
 p - a +0 spear
 B - a +0 blowgun
Armour
 a - a +0 robe (worn)
 w - a +0 hat (worn)
 H - a +0 pair of gloves (worn)
Jewellery
 A - an uncursed ring of ice
 C - a +3 ring of strength (left hand)
 F - a +1 ring of protection (right hand)
Scrolls
 m - 4 scrolls of magic mapping {unknown}
 r - a scroll of teleportation
 t - a scroll of amnesia {unknown}
 u - a scroll of identify {unknown}
 v - a scroll of blinking {unknown}
 y - a scroll of enchant armour {unknown}
 E - 3 scrolls of fear {unknown}
 G - a scroll of remove curse {unknown}
Potions
 h - 2 potions of lignification {unknown}
 i - a potion of degeneration {unknown}
 k - a potion of mutation {unknown}
 l - 2 potions of cancellation {unknown}
 q - a potion of resistance {unknown}
 s - 2 potions of haste
Books
 b - a Young Poisoner's Handbook

   Spells                             Type                      Level
   a - Sting                          Conjuration/Poison           1
   b - Poisonous Vapours              Poison/Air                   2
   c - Mephitic Cloud                 Conjuration/Poison/Air       3
   d - Olgreb's Toxic Radiance        Poison                       4
   e - Venom Bolt                     Conjuration/Poison           5
 o - a book of Cantrips

   Spells                             Type                      Level
   a - Confusing Touch                Hexes                        1
   b - Animate Skeleton               Necromancy                   1
   c - Summon Small Mammal            Summoning                    1
   d - Apportation                    Translocation                1
Comestibles
 c - 4 bread rations
 n - 2 meat rations
 x - a royal jelly


   Skills:
 - Level 1.7 Dodging
 - Level 1.7 Stealth
 - Level 1.7 Spellcasting
 + Level 4.6 Conjurations
 - Level 2.6 Poison Magic


You had 2 spell levels left.
You knew the following spells:

 Your Spells              Type           Power        Failure   Level  Hunger
a - Sting                 Conj/Pois      ###.         3%          1    #......
m - Mephitic Cloud        Conj/Pois/Air  ##......     17%         3    ###....


Dungeon Overview and Level Annotations

Branches:
Dungeon (4/15)
 Temple: D:4-7

Annotations:
D:1 exclusion: 2 downstairs
D:4 Syneil's ghost, amateur VSBe


Innate Abilities, Weirdness & Mutations

You have an increased reservoir of magic. (+10% MP)


Message History

You hit Syneil's ghost but do no damage.
Syneil's ghost closely misses you.
You hit Syneil's ghost but do no damage.
The leopard gecko bites you but does no damage.
Syneil's ghost hits you.
You hit Syneil's ghost but do no damage.
The leopard gecko barely misses you. Syneil's ghost hits you!
* * * LOW HITPOINT WARNING * * *
The leopard gecko bites you.
* * * LOW HITPOINT WARNING * * *
You are too injured to fight recklessly!
You hit Syneil's ghost.
Syneil's ghost is lightly damaged.
Syneil's ghost hits you.
* * * LOW HITPOINT WARNING * * *
The leopard gecko barely misses you.
You hit Syneil's ghost but do no damage.
Syneil's ghost is lightly damaged.
Syneil's ghost hits you!
You die...

.###...####.#.#...#
..............>..#
#.........#.#...#
#...#######.#....
#...........#....
#....######## ...
#........... ..
####.###..#.#######
#.
......W@.........
......l..........
.................#
.................#
..................
................(#
.................
................


You could see Syneil's ghost and a leopard gecko.

Vanquished Creatures
  A bullfrog (D:2)
  2 adders
  A worm (D:3)
  A dart slug (D:1)
  2 leopard geckos
  2 orcs (D:3)
  8 giant cockroaches
  7 goblins
  10 hobgoblins
  2 jackals (D:2)
  A ball python (D:3)
  5 bats (D:1)
  4 frilled lizards
  8 kobolds
  6 rats
  A spectral orc (D:2)
61 creatures vanquished.

Notes
Turn   | Place    | Note
-------+----------+-------------------------------------------
     0 | D:1      | removed the Demigod Venom Mage began the quest for the Orb.
     0 | D:1      | Reached XP level 1. HP: 14/14 MP: 5/5
    35 | D:1      | Reached skill level 1 in Conjurations
   114 | D:1      | You fall through a shaft!
   592 | D:1      | Reached skill level 2 in Conjurations
   592 | D:1      | Reached XP level 2. HP: 19/20 MP: 0/7
  1138 | D:2      | Noticed a bullfrog
  1324 | D:2      | Reached XP level 3. HP: 26/26 MP: 3/8
  1346 | D:1      | Reached skill level 3 in Conjurations
  1677 | D:2      | Learned a level 3 spell: Mephitic Cloud
  1823 | D:2      | Killed a bullfrog
  1823 | D:2      | Reached skill level 4 in Conjurations
  1823 | D:2      | Reached XP level 4. HP: 33/33 MP: 0/9
  2125 | D:2      | Found a basalt altar of Yredelemnul.
  3354 | D:4      | Noticed Syneil's ghost (amateur VSBe)
  3367 | D:4      | Slain by Syneil's ghost

Vault maps used:
D:1:      lightli_arrival_windingriver
D:2:      yredelemnul_forgotten_temple_becter, minmay_misc_feat_nine_boxes,
          minmay_tetromino_s4
D:3:      first_bread, serial_bayou_lagoon_a
D:4:      nicolae_overflow_hidden_temple

Skill      XL: |  1  2  3 |
---------------+----------+-----
Conjurations   | 2 4 |  4.6
Dodging        | |  1.7
Stealth        | |  1.7
Spellcasting   | |  1.7
Poison Magic   | |  2.6

Action                   |  1- 3 |  4- 6 || total
-------------------------+-------+-------++-------
Melee: Short sword       |     3 |    19 ||    22
 Cast: Sting             |    76 |    60 ||   136
       Mephitic Cloud    |     1 |       ||     1
  Use: Scroll            |     1 |       ||     1
 Stab: Sleeping          |       |     1 ||     1
  Eat: Chunk             |     4 |     5 ||     9
Armor: Robe              |     7 |     4 ||    11
Dodge: Dodged            |    28 |    15 ||    43

Table legend:
 A = Spawn XP
 B = Non-spawn XP
 C = Spawn XP percentage of total XP
 D = Spawn monster count
 E = Non-spawn monster count
 F = Spawn count percentage of total count
 G = Total turns spent on level
                    A         B        C        D         E        F      G
               +---------+---------+-------+---------+---------+-------+---------
         Total |       0 |     227 |   0.0 |       0 |      61 |   0.0 |  3367
               +---------+---------+-------+---------+---------+-------+---------
           D:1 |       0 |      43 |   0.0 |       0 |      20 |   0.0 |  1438
           D:2 |       0 |     143 |   0.0 |       0 |      21 |   0.0 |   823
           D:3 |       0 |      41 |   0.0 |       0 |      20 |   0.0 |  1036
               +---------+---------+-------+---------+---------+-------+---------
